 Dungeon Crawl Stone Soup version 0.16.2-12-gd0ad4c3 (webtiles) character file.

872 Jinroh the Shield-Bearer (level 8, -3/105 HPs)
             Began as a Hill Orc Fighter on Sept 13, 2015.
             Was a Follower of Trog.
             Slain by a killer bee (7 damage)
             ... on level 6 of the Dungeon on Sept 14, 2015.
             The game lasted 00:27:08 (5087 turns).

Jinroh the Shield-Bearer (Hill Orc Fighter)         Turns: 5087, Time: 00:27:08

Health: -3/105     AC:  9    Str: 30    XL:     8   Next: 4%
Magic:  8/8        EV:  8    Int:  5    God:    Trog [*.....]
Gold:   305        SH: 11    Dex: 10    Spells: 0 memorised, 7 levels left

rFire  + . .     SeeInvis .     H - +0 war axe (distort)
rCold  + . .     Clarity  .     b - +0 scale mail
rNeg   . . .     SustAb   .     c - +0 shield
rPois  .         Gourm    .     (no helmet)
rElec  .         Spirit   .     (no cloak)
rCorr  +         Warding  .     G - +1 pair of gloves "Tekouf Iqag" {+Inv rC+ rCorr Str+4 Int-3}
rMut   .         Stasis   .     (no boots)
MR     .....                    r - amulet of rage
Stlth  ..........               (no ring)
                                t - ring of protection from fire

@: mighty, berserking, lethally poisoned (-3 -> -4), very quick, not resistant
to hostile enchantments, extremely unstealthy
A: no striking features
a: Burn Spellbooks, Berserk, Renounce Religion, Evoke Berserk Rage, Evoke
Invisibility


You were on level 6 of the Dungeon.
You worshipped Trog.
Trog was aware of your devotion.
You were very hungry.

You visited 1 branch of the dungeon, and saw 6 of its levels.

You collected 305 gold pieces.

Inventory:

Hand weapons
 a - a +0 war axe
 g - a +0 hunting sling
 k - a cursed -3 short sword
 s - a cursed -2 spear
 H - a +0 war axe of distortion (weapon)
Missiles
 f - 50 stones (quivered)
 i - 5 arrows of flame
 j - 8 needles of confusion
 q - 32 arrows
Armour
 b - a +0 scale mail (worn)
 c - a +0 shield (worn)
 G - the +1 pair of gloves "Tekouf Iqag" (worn) {+Inv rC+ rCorr Str+4 Int-3}
   (You found it on level 6 of the Dungeon)

   It affects your strength (+4).
   It affects your intelligence (-3).
   It protects you from cold.
   It lets you turn invisible.
   It protects you from acid and corrosion.
Jewellery
 r - an amulet of rage (around neck)
 t - a ring of protection from fire (left hand)
Scrolls
 h - 4 scrolls of identify
 n - 3 scrolls of fear {unknown}
 o - 2 scrolls of enchant weapon {unknown}
 p - 3 scrolls of teleportation {unknown}
 v - 2 scrolls of remove curse {unknown}
 y - 2 scrolls of immolation {unknown}
 A - a scroll of blinking {unknown}
 B - a scroll of amnesia {unknown}
 C - a scroll of fog {unknown}
Potions
 e - a potion of might
 u - a potion of degeneration
 w - a potion of curing
 E - 3 potions of brilliance {unknown}
Comestibles
 d - 3 bread rations
 m - 2 beef jerkies
 x - 2 fruits
 z - 2 meat rations
 F - a royal jelly


   Skills:
 * Level 5.9 Fighting
 * Level 6.2 Axes
 + Level 0.2 Throwing
 * Level 5.5 Armour
 + Level 0.3 Stealth
 * Level 6.3 Shields


You had 7 spell levels left.
You didn't know any spells.

Dungeon Overview and Level Annotations

Branches:
Dungeon (6/15)
 Temple: D:4-7

Altars:
Ashenzari
Cheibriados
Trog
Yredelemnul

Shops:
D:4 **=*   D:6 }


Message History

The killer bee stings you but does no damage.
You block the killer bee's attack.
The killer bee stings you but does no damage.
You closely miss the killer bee. You barely miss the killer bee.
You closely miss the killer bee.
The killer bee is almost dead.
You block the killer bee's attack. The killer bee stings you.
* * * LOW HITPOINT WARNING * * *
The killer bee stings you.
* * * LOW HITPOINT WARNING * * *
The killer bee stings you.
* * * LOW HITPOINT WARNING * * *
You are poisoned.
The killer bee poisons you! The killer bee barely misses you.
You miss the killer bee. x2
You hit the killer bee.
You kill the killer bee!
Trog accepts your kill.
You feel sick. The killer bee stings you!
You die...

.####.......####.##>...# #.....#.
.................##..#.###.......
.#.###........#..##.............#
.>.##..........#......###......##
.####........§.#.....## #....###
...............#.....# ####..#
.....#........##.#...#####>...#
##.#.............†#........####
#..###..........@y............
#.###...#########y..#.........
........# #.....[#.........
#.......# #......%..........
........# #......#..........
#.......# ########..........
........# #.......... ........#
#......... ........# ##########


You could see 2 killer bees.

Vanquished Creatures
  An ice beast (D:5)
  An ogre (D:6)
  A phantom (D:4)
  2 killer bees (D:6)
  2 hounds
  2 orc wizards (D:5)
  4 worker ants
  9 adders
  2 giant mites
  2 worms (D:2)
  5 giant geckos
  An ooze (D:1)
  11 orcs
  4 bat skeletons
  4 giant cockroaches
  2 gnoll zombies (D:4)
  10 hobgoblins
  3 quokkas
  2 ball pythons (D:4)
  9 bats
  A giant cockroach zombie (D:3)
  A giant newt (D:2)
  9 goblins
  6 jackals
  11 kobolds
  13 rats
118 creatures vanquished.

Vanquished Creatures (others)
  A killer bee (D:6)
  A crimson imp (D:6)
  A giant frog zombie (D:6)
3 creatures vanquished.

Grand Total: 121 creatures vanquished

Notes
Turn   | Place    | Note
--------------------------------------------------------------
     0 | D:1      | Jinroh, the Hill Orc Fighter, began the quest for the Orb.
     0 | D:1      | Reached XP level 1. HP: 19/19 MP: 1/1
   224 | D:1      | Reached XP level 2. HP: 25/27 MP: 2/2
   683 | D:1      | Reached skill level 4 in Fighting
   743 | D:2      | Reached XP level 3. HP: 29/33 MP: 3/3
   810 | D:2      | Found a snail-covered altar of Cheibriados.
  1625 | D:2      | Reached XP level 4. HP: 24/41 MP: 4/4
  2418 | D:4      | Found Ydwirabit's General Store.
  2432 | D:4      | Reached XP level 5. HP: 37/47 MP: 5/5
  2587 | D:4      | Found Cuxkepp's Jewellery Shop.
  2598 | D:4      | Found a basalt altar of Yredelemnul.
  2840 | D:4      | Found Lakloog's General Store.
  2868 | D:4      | Reached XP level 6. HP: 40/55 MP: 6/6
  2981 | D:4      | Noticed a phantom
  2993 | D:4      | Found Nemairut's General Store.
  3062 | D:4      | Killed a phantom
  3062 | D:4      | Reached skill level 5 in Fighting
  3062 | D:4      | Reached skill level 5 in Axes
  3062 | D:4      | Reached skill level 5 in Shields
  3333 | D:4      | Found a basalt altar of Yredelemnul.
  3491 | D:4      | Found a shattered altar of Ashenzari.
  3491 | D:4      | Found a bloodstained altar of Trog.
  3510 | D:4      | Became a worshipper of Trog the Wrathful
  3570 | D:5      | Entered Level 5 of the Dungeon
  3825 | D:5      | Reached skill level 5 in Armour
  3825 | D:5      | Reached XP level 7. HP: 34/61 MP: 7/7
  4316 | D:5      | Acquired Trog's first power
  4716 | D:6      | Found Ghopuemu's Gadget Shop.
  4733 | D:6      | Got a pair of smoking gloves
  4740 | D:6      | Identified the +1 pair of gloves "Tekouf Iqag" {+Inv rC+ rCorr Str+4 Int-3} (You found it on level 6 of the Dungeon)
  4928 | D:6      | Noticed a steam dragon
  4983 | D:6      | Reached skill level 6 in Axes
  5028 | D:6      | Reached XP level 8. HP: 35/70 MP: 8/8
  5086 | D:6      | HP: 5/105 [killer bee (6)]
  5087 | D:6      | Slain by a killer bee

Action                   |  1- 3 |  4- 6 |  7- 9 || total
-------------------------+-------+-------+-------++-------
Melee: War axe           |   118 |   221 |    99 ||   438
Throw: Stone             |     2 |    12 |       ||    14
Invok: Berserk           |       |       |     1 ||     1
  Use: Potion            |     3 |       |     1 ||     4
       Scroll            |       |     1 |       ||     1
  Eat: Chunk             |     1 |     1 |     2 ||     4
       Meat ration       |     1 |       |       ||     1
       Bread ration      |       |     1 |       ||     1
